 Seeded DCSS version 0.29.1-1-gd02db6906a (webtiles) character file.

Game seed: 9708579739092153053 (custom seed)

1175 GigaChad the Protected (level 8, -2/74 HPs)
             Began as a Minotaur Fighter on Sept 15, 2022.
             Was an Initiate of Trog.
             Killed by divine providence
             ... invoked by an orc priest
              (16 damage)
             ... on level 7 of the Dungeon on Sept 16, 2022.
             The game lasted 00:13:09 (3406 turns).

GigaChad the Protected (Minotaur Fighter)           Turns: 3406, Time: 00:13:10

Health: -2/74      AC:  8    Str: 26    XL:     8   Next: 18%
Magic:  7/7        EV:  9    Int:  5    God:    Trog [......]
Gold:   947        SH:  5    Dex:  9    Spells: 7/7 levels left

rFire   + . .      SeeInvis .   f - +7 mace of the Maze {spect, rPois Will+ Str+2}
rCold   x . .      Faith    .   c - +0 buckler
rNeg    . . .      Spirit   .   b - +0 scale mail
rPois   +          Reflect  .   (helmet restricted)
rElec   +          Harm     .   (no cloak)
rCorr   .          Rampage  .   (no gloves)
Will    +....                   (no boots)
Stlth   ..........              (no amulet)
HPRegen 0.22/turn               l - ring of Xom's Passing Interest {Fire rElec}
MPRegen 0.10/turn               (no ring)

@: no status effects
A: horns 2, retaliatory headbutt
a: Renounce Religion


You were on level 7 of the Dungeon.
You worshipped Trog.
Trog was noncommittal.
You visited 2 branches of the dungeon, and saw 7 of its levels.

You collected 947 gold pieces.

Inventory:

Hand Weapons
 a - a +0 long sword
 f - the +7 mace of the Maze (weapon) {spect, rPois Will+ Str+2}
   (You found it on level 2 of the Dungeon)

   When its wielder attacks, the weapon's spirit leaps out and strikes again.
   The spirit shares a part of any damage it takes with its wielder.
   Str:       It affects your strength (+2).
   rPois:     It protects you from poison.
   Will:      It increases your willpower.
 k - the +3 triple sword "Meclily" {venom, rCorr}
   (You acquired it on level 3 of the Dungeon)

   It poisons the flesh of those it strikes.
   rCorr:     It protects you from acid and corrosion.
Armour
 b - a +0 scale mail (worn)
 c - a +0 buckler (worn)
Jewellery
 l - the ring of Xom's Passing Interest (left hand) {Fire rElec}
   (You acquired it on level 3 of the Dungeon)

   [ring of fire]

   It enhances your fire magic.
   rF:        It protects you from fire.
   rC:        It makes you vulnerable to cold.
   rElec:     It insulates you from electricity.
Wands
 j - a wand of flame (4)
Scrolls
 e - a scroll of blinking
 g - 2 scrolls of noise {unknown}
 h - 4 scrolls of identify
 i - a scroll of teleportation {unknown}
 m - a scroll of immolation {unknown}
Potions
 d - a potion of might


   Skills:
 - Level 7.7 Fighting
 - Level 2.6 Long Blades
 - Level 9.0 Armour
 + Level 6.0 Shields


You had 7 spell levels left.
You didn't know any spells.
Your spell library was empty.

Dungeon Overview and Level Annotations

Branches:
Dungeon (7/15)             Temple (1/1) D:6

Altars:
Dithmenos
Elyvilon
Gozag
Kikubaaqudgha
Makhleb
Nemelex Xobeh
Okawaru
Trog
Vehumet
Xom
Yredelemnul
Zin
The Shining One


Innate Abilities, Weirdness & Mutations

You have a pair of horns on your head.
You reflexively headbutt those who attack you in melee.


Message History

Prince Ribbit is heavily wounded.
Prince Ribbit hits you. x2
An orc warrior comes into view.
It is wielding a +0 long sword and wearing a +2 chain mail of poison resistance.
The orc wizard hits you but does no damage.
The orc priest closely misses you.
Okay, then.
You don't know any spells.
There are monsters nearby!
You hit Prince Ribbit.
Prince Ribbit is heavily wounded.
You block Prince Ribbit's attack.
Prince Ribbit hits you but does no damage.
The orc priest calls down the wrath of Beogh upon you.
Pain shoots through your body! The orc wizard completely misses you.
You sock Prince Ribbit!
Prince Ribbit is severely wounded.
Prince Ribbit hits you!
* * * LOW HITPOINT WARNING * * *
The orc priest hits you with a +0 short sword.
* * * LOW HITPOINT WARNING * * *
The orc wizard closely misses you.
Prince Ribbit blinks!
Blink to where?
Press: ? - help, Dir - move target
As you read the scroll of blinking, it crumbles to dust.
Prince Ribbit hits you.
* * * LOW HITPOINT WARNING * * *
Prince Ribbit barely misses you. x2
You miss Prince Ribbit.
Prince Ribbit is severely wounded.
Your +7 mace of the Maze {spect, rPois Will+ Str+2} barely misses Prince Ribbit.
You block Prince Ribbit's attack. Prince Ribbit barely misses you.
You furiously retaliate!
You headbutt Prince Ribbit. You closely miss Prince Ribbit.
Prince Ribbit is severely wounded.
Your +7 mace of the Maze {spect, rPois Will+ Str+2} hits Prince Ribbit!
You kill Prince Ribbit!
Trog accepts your kill.
The orc priest calls down the wrath of Beogh upon you.
Beogh smites you!
You die...

#.#.###.###
..##...ooSo...
#.##.#o# #.##.#§#
#......######.# ###
#.o###......... ~~~#
#..# #........#
~≈~~###
#..###.########
#~~~~#########(@....#
#≈~~.........#..###
##≈~##########..#
#~~# #..# ##≈~# #..#
###~~~# #..# ##~~~~##
#..# ~≈~~..# #..#
~~~..## #..#


You could see an orc priest and a friendly +7 mace of the Maze {spect, rPois
Will+ Str+2} (summoned).

Vanquished Creatures
  Prince Ribbit (D:7)
  Grinder (D:6)
  Eustachio (D:6)
  A water moccasin (D:6)
  A sky beast (D:7)
  2 black bears (D:6)
  A phantom (D:6)
  A scorpion (D:4)
  A jelly (D:6)
  An orc priest (D:3)
  A hound (D:4)
  2 iguanas
  3 orc wizards
  6 adders
  3 worms
  A dart slug (D:4)
  10 orcs
  2 endoplasms
  2 giant cockroaches
  6 goblins
  3 hobgoblins
  4 jackals (D:2)
  3 quokkas (D:6)
  3 ball pythons
  2 bats (D:3)
  A frilled lizard (D:2)
  A kobold (D:4)
  2 rats (D:6)
66 creatures vanquished.

Notes
Turn   | Place    | Note
-------+----------+-------------------------------------------
     0 | D:1      | GigaChad the Minotaur Fighter began the quest for the Orb.
     0 | D:1      | Reached XP level 1. HP: 19/19 MP: 0/0
   168 | D:2      | Reached XP level 2. HP: 12/27 MP: 1/1
   195 | D:2      | Identified the +7 mace of the Maze {spect, rPois Will+
                  | Str+2}
  1122 | D:3      | Reached XP level 3. HP: 33/34 MP: 2/2
  1124 | D:3      | Reached skill level 5 in Fighting
  1139 | D:3      | Identified 3 scrolls of acquirement
  1139 | D:3      | Acquired the ring of Xom's Passing Interest {Fire rElec}
  1142 | D:3      | Acquired 868 gold pieces
  1144 | D:3      | Acquired the +3 triple sword "Meclily" {venom, rCorr}
  1246 | D:3      | Reached XP level 4. HP: 23/44 MP: 3/3
  1633 | D:4      | Noticed a scorpion
  1637 | D:4      | Killed a scorpion
  1638 | D:4      | Reached XP level 5. HP: 52/52 MP: 4/4
  1852 | D:4      | You fall into a shaft and drop 2 floors!
  1897 | D:6      | Found a staircase to the Ecumenical Temple.
  1913 | Temple   | Entered the Ecumenical Temple
  1924 | Temple   | Became a worshipper of Trog the Wrathful
  1989 | D:6      | Noticed a black bear
  1993 | D:6      | Killed a black bear
  1994 | D:6      | Reached skill level 4 in Armour
  1994 | D:6      | Reached XP level 6. HP: 61/61 MP: 5/5
  2019 | D:6      | Reached skill level 5 in Armour
  2178 | D:6      | Noticed Eustachio
  2188 | D:6      | Killed Eustachio
  2189 | D:6      | Reached skill level 6 in Armour
  2189 | D:6      | Reached XP level 7. HP: 59/67 MP: 6/6
  2231 | D:6      | Found a large runed translucent door.
  2232 | D:6      | Found a large runed translucent door.
  2252 | D:6      | Noticed Grinder
  2253 | D:6      | Found a basalt altar of Yredelemnul.
  2256 | D:6      | Killed Grinder
  2257 | D:6      | Reached skill level 7 in Armour
  2261 | D:6      | Reached skill level 8 in Armour
  2266 | D:6      | Found a radiant altar of Vehumet.
  2457 | D:6      | Found a glowing drain.
  2558 | D:6      | Reached skill level 9 in Armour
  2588 | D:6      | Reached XP level 8. HP: 46/74 MP: 7/7
  3240 | D:7      | Reached skill level 5 in Shields
  3244 | D:7      | Reached * piety under Trog
  3391 | D:7      | Noticed Prince Ribbit
  3406 | D:7      | Killed Prince Ribbit
  3406 | D:7      | Killed from afar by an orc priest

Illustrated notes

Levels and vault maps discovered:
D:1:      matt_arrival_spirals, layout_loops_ring,
          chequers_ecumenical_altar_island, chequers_serial_rivers_room_b,
          minmay_misc_feat_nine_boxes
D:2:      layout_basic, chequers_serial_rivers_small_3
D:3:      layout_loops_ring
D:4:      layout_loops_corners, kennysheep_generic_room_5, uniq_robin
D:6:      minmay_evil_eye, layout_loops_ring, jmf_multi_god_temple2,
          temple_statues, gup_sewer_entry_bubbles, uniq_grinder, uniq_eustachio
D:7:      layout_loops_ring, worms_lemuel, uniq_prince_ribbit1
Temple:   hellmonk_temple_two_chambers

Skill      XL: |  1  2  3  4  5  6  7  8 |
---------------+-------------------------+-----
Fighting       | 4 5 7 |  7.7
Armour         | 4 6 9 |  9.0
Shields        | 4 6 |  6.0
Long Blades    | |  2.6

Action                   |  1- 3 |  4- 6 |  7- 9 || total
-------------------------+-------+-------+-------++-------
Melee: Long sword        |    18 |       |       ||    18
       Headbutt          |     6 |     3 |    11 ||    20
       Mace              |    30 |    26 |    55 ||   111
  Use: Scroll            |     3 |     1 |     1 ||     5
Armor: Scale mail        |    33 |     9 |    32 ||    74
Dodge: Dodged            |    28 |    15 |    28 ||    71
Block: Buckler           |    10 |     7 |    12 ||    29
